 Dungeon Crawl Stone Soup version 0.24.0-123-gd5b16e6ec5 (webtiles) character file.

Game seed: 8300870865843349985, levelgen mode: deterministic

116 vurker the Gusty (level 4, -1/19 HPs)
             Began as a Felid Air Elementalist on Jan 30, 2020.
             Was a Follower of Vehumet.
             Killed by divine providence
             ... invoked by an orc priest
              (13 damage)
             ... on level 4 of the Dungeon.
             The game lasted 00:06:20 (3966 turns).

vurker the Gusty (Felid Air Elementalist)           Turns: 3966, Time: 00:06:21

Health: -1/19      AC:  1    Str:  4    XL:     4   Next: 69%
Magic:  0/9        EV: 18    Int: 18    God:    Vehumet [*.....]
Gold:   143        SH:  0    Dex: 16    Spells: 0/9 levels left
                                        Lives:  0   Deaths: 1

rFire    . . .     SeeInvis +   (weapon unavailable)
rCold    . . .     Gourm    .   (shield unavailable)
rNeg     . . .     Faith    .   (armour unavailable)
rPois    .         Spirit   .   (helmet unavailable)
rElec    .         Reflect  .   (cloak unavailable)
rCorr    .         Harm     .   (gloves unavailable)
MR       .....                  (boots unavailable)
Stlth    ++++......             (no amulet)
HPRegen  0.06/turn              s - ring of wizardry
MPRegen  0.11/turn              u - ring of stealth

@: quick
A: very small, no armour, no weapons or thrown items, stealth, claws 1, fangs 3,
see invisible, carnivore, speed 1, shaggy fur 1, slow metabolism 1, sharp paws
a: Renounce Religion


You were on level 4 of the Dungeon.
You worshipped Vehumet.
Vehumet was aware of your devotion.
You were very full.

You visited 1 branch of the dungeon, and saw 4 of its levels.

You collected 143 gold pieces.

Inventory:

Jewellery
 i - an uncursed ring of fire
   (You found it on level 2 of the Dungeon)
 n - an uncursed ring of protection from magic
   (You found it on level 2 of the Dungeon)
 s - a ring of wizardry (left paw)
   (You found it on level 4 of the Dungeon)
 u - a ring of stealth (right paw)
   (You found it on level 4 of the Dungeon)
Scrolls
 f - 2 scrolls of remove curse {unknown}
 j - a scroll of enchant weapon {unknown}
 m - a scroll of teleportation {unknown}
 q - a scroll of random uselessness {unknown}
 t - 2 scrolls of identify {unknown}
Potions
 a - a potion of curing
 b - a potion of magic {unknown}
 c - a potion of lignification {unknown}
 d - a potion of haste {unknown}
 g - a potion of berserk rage {unknown}
 h - a potion of brilliance {unknown}
 k - 2 potions of ambrosia {unknown}
 l - a potion of might {unknown}
 o - 4 potions of heal wounds {unknown}
 p - a potion of flight {unknown}
 r - a potion of cancellation {unknown}
Comestibles
 e - 5 rations


   Skills:
 + Level 1.5 Fighting
 - Level 2.6 Dodging
 - Level 2.6 Stealth
 * Level 3.2 Spellcasting
 * Level 2.7 Conjurations
 * Level 3.6 Air Magic


You couldn't memorise any spells.
You knew the following spells:

 Your Spells              Type           Power        Failure   Level  Hunger
a - Shock                 Conj/Air       ##..         1%          1    None
b - Lightning Bolt        Conj/Air       ##........   41%         5    ######.
c - Airstrike             Air            ###.......   14%         4    ####...

Your spell library contained the following spells:

 Spells                   Type           Power        Failure   Level  Hunger
 Freeze                   Ice            #...         6%          1    None
 Swiftness                Chrm/Air       #.......     4%          2    ##.....
 Static Discharge         Conj/Air       ##......     5%          3    ###....


Dungeon Overview and Level Annotations

Branches:
Dungeon (4/15)
 Temple: D:4-7

Altars:
Fedhas
Nemelex Xobeh
Vehumet
Xom
Zin

Annotations:
D:3 3 runed translucent doors, shugdite's ghost, amateur MiMo


Innate Abilities, Weirdness & Mutations

You cannot wear armour.
You are incapable of wielding weapons or throwing items.
Your paws allow you to move quietly. (Stealth)
You have sharp claws.
You have razor-sharp teeth.
You have supernaturally acute eyesight. (SInv)
You are carnivorous and can eat meat at any time.
You cover ground quickly.
You are covered in fur. (AC +1)
You have a slow metabolism.
Your sharp claws are effective at attacking unaware monsters.


Message History

Okay, then.
A jackal comes into view.
A jackal is nearby!
Aim: a jackal (resting)
The zap hits the jackal.
The jackal barks!
Aim: a jackal (severely wounded)
The zap hits the jackal.
You kill the jackal!
Vehumet accepts your kill.
A jackal comes into view.
Aim: a jackal (hasn't noticed you)
The zap hits the jackal.
The jackal barks!
An orc wizard comes into view. It is wielding a +0 dagger.
Aim: a jackal (severely wounded)
The zap hits the jackal.
You kill the jackal!
Vehumet accepts your kill.
The orc wizard shouts!
A centaur skeleton comes into view.
There are monsters nearby!
Aim: an orc wizard, wielding a +0 dagger and wearing a cursed +0 robe The zap hits the orc wizard.
The zap hits the centaur skeleton.
An orc comes into view. It is wielding a +0 dagger.
Aim: an orc wizard, wielding a +0 dagger and wearing a cursed +0 robe (moderately wounded)
The zap hits the orc wizard.
The zap hits the orc.
The orc shouts!
Aim: an orc wizard, wielding a +0 dagger and wearing a cursed +0 robe (severely wounded)
The zap hits the orc wizard.
The zap hits the orc.
Aim: an orc wizard, wielding a +0 dagger and wearing a cursed +0 robe (almost dead)
The zap hits the orc wizard.
You kill the orc wizard!
Vehumet accepts your kill.
The zap misses the orc.
An orc priest comes into view. It is wielding a +0 mace.
Aim: a centaur skeleton (lightly damaged)
The zap hits the centaur skeleton.
The zap hits the orc.
The zap hits the orc priest.
The orc priest shouts!
Aim: a centaur skeleton (moderately damaged)
The zap hits the centaur skeleton.
The zap hits the orc.
You kill the orc!
Vehumet accepts your kill.
The zap misses the orc priest.
The centaur skeleton hits you!
The centaur skeleton closely misses you.
The orc priest mumbles some strange prayers to Beogh against you.
Beogh smites you!
Ouch! That really hurt!
You die...

#.##...###.#
#. #.#....##
#. #.......#
# #.......#
#......###...
###..........
##.####.#..
#.# .. #@# ..
#Z# . #.# †).
... ....#
†.o.. ......


You could see an orc priest and a centaur skeleton.

Vanquished Creatures
  An orc wizard (D:4)
  A howler monkey zombie (D:4)
  6 adders
  2 oozes
  A worm (D:2)
  3 dart slugs
  4 leopard geckos
  6 orcs
  4 bats
  4 giant cockroaches
  4 goblins
  7 hobgoblins
  5 jackals
  A quokka (D:3)
  2 ball pythons
  5 frilled lizards
  A giant cockroach zombie (D:3)
  8 kobolds
  6 rats
71 creatures vanquished.

Notes
Turn   | Place    | Note
-------+----------+-------------------------------------------
     0 | D:1      | vurker the Felid Air Elementalist began the quest for the
                  | Orb.
     0 | D:1      | Reached XP level 1. HP: 7/7 MP: 4/4
   113 | D:1      | Reached skill level 1 in Conjurations
   504 | D:1      | Reached XP level 2. HP: 12/12 MP: 0/6
  1045 | D:2      | Reached XP level 3. HP: 8/15 MP: 0/7
  1184 | D:2      | Found a glowing silver altar of Zin.
  1208 | D:2      | Found a sparkling altar of Nemelex Xobeh.
  1505 | D:2      | Reached skill level 1 in Fighting
  1622 | D:2      | Reached XP level 4. HP: 19/19 MP: 6/9
  1989 | D:2      | Found a radiant altar of Vehumet.
  2038 | D:2      | Became a worshipper of Vehumet
  2184 | D:3      | Found a faded altar of an unknown god.
  2920 | D:3      | Found a shimmering altar of Xom.
  3477 | D:3      | Found a runed translucent gate.
  3477 | D:3      | Found a runed translucent gate.
  3477 | D:3      | Found a runed translucent gate.
  3540 | D:3      | Noticed shugdite's ghost (amateur MiMo)
  3634 | D:3      | Reached XP level 5. HP: 22/22 MP: 5/10
  3802 | D:3      | Learned a level 5 spell: Lightning Bolt
  3807 | D:3      | Learned a level 4 spell: Airstrike
  3823 | D:4      | Found a blossoming altar of Fedhas.
  3827 | D:4      | Noticed a centaur
  3833 | D:4      | Shot with an arrow by a centaur
  3834 | D:4      | Reached XP level 4. HP: -6/19 MP: 8/9
  3847 | D:4      | Reached * piety under Vehumet
  3847 | D:4      | Offered knowledge of Freeze by Vehumet.
  3966 | D:4      | Killed from afar by an orc priest

Levels and vault maps discovered:
D:1:      dpeg_arrival_leaves_temple_mockup, layout_basic
D:2:      layout_rooms, lemuel_round_altar, nemelex_xobeh_ov_fountains_minmay,
          vehumet_crystals, corexii_shack
D:3:      layout_basic, marbit_many_paths, chequers_ecumenical_altar_simple,
          gammafunk_ghost_split
D:4:      layout_loops_cross, fedhas_bush_and_centaur_altar, serial_shops,
          nicolae_shop_stone, first_ration

Skill      XL: |  1  2  3  4 |
---------------+-------------+-----
Conjurations   | 1 2 |  2.7
Air Magic      | 3 |  3.6
Fighting       | 1 |  1.5
Spellcasting   | 3 |  3.2
Dodging        | |  2.6
Stealth        | |  2.6

Action                   |  1- 3 |  4- 6 || total
-------------------------+-------+-------++-------
Melee: Unarmed           |    19 |     6 ||    25
       Bite              |     2 |       ||     2
 Cast: Shock             |    71 |   124 ||   195
  Use: Potion            |     2 |       ||     2
  Eat: Chunk             |     9 |     8 ||    17
Armor: Skin              |       |     1 ||     1
Dodge: Dodged            |    35 |    34 ||    69
